AoeStats
← CrazyBen

African Clearing

505877379Analyzed
4v4 RM · 21d ago on Sep 11, 2026· 19m 3s· 8 players
Game mode
Random Map
Map size
Large (8 player)
Population
200
Speed
Normal
Resources
Standard
Victory
Conquest
Starting age
Dark Age
Ending age
Imperial Age
RankedLock teamsTeams togetherTeam positionsShared explorationLock speedFull tech treeHidden civsTurbo modeCheats
Victory
Defeat
🇫🇷 Khmer · France
1468
+14
🇦🇷 Huns · Argentina
1444
+15
🇹🇷 Cumans · Türkiye
1383
+17
🇺🇸 Spanish · United States
1363
+17
🇨🇳 Mongols · China
1441
-17
🇮🇳 Mapuche · India
1406
-16
🇨🇳 Georgians · China
1397
-15
🇮🇳 Persians · India
1396
-15
RockAxe4356
4:30 Loom
13:39 Feudal Age
牛比无极限
4:04 Loom
12:31 Feudal Age
16:53 Castle Age
15:53 Double-Bit Axe
逝
5:33 Loom
14:11 Feudal Age
Vu_PY
13:25 Feudal Age
18:51 Castle Age
17:30 Double-Bit Axe
18:12 Loom
CrazyBen
9:06 Loom
12:34 Feudal Age
13:14 Double-Bit Axe
16:11 Horse Collar
MinorCloud9519
9:59 Loom
12:20 Feudal Age
12:58 Double-Bit Axe
13:25 Town Watch
13:27 Horse Collar
mikeymazko
10:48 Loom
14:22 Feudal Age
19:19 Castle Age
18:22 Double-Bit Axe
PIPA
14:55 Feudal Age
15:31 Double-Bit Axe
15:29 Horse Collar
15:41 Gold Mining
15:44 Loom
18:28 Castle Age
17:02 Scale Barding Armor
18:11 Forging
19:59 Chain Barding Armor
Connection lost

Rejoining the realm…

Still unreachable

The connection could not be restored.

Session expired

The server has moved on; the page needs a fresh start.